 Dungeon Crawl Stone Soup version 0.25.1-2-g60ff931df9 (webtiles) character file.

Game seed: 2762164182507177578

107 DogServant the Ruffian (level 5, -3/37 HPs)
             Began as a Formicid Transmuter on Oct 18, 2020.
             Slain by a worm (7 damage)
             ... on level 3 of the Dungeon.
             The game lasted 00:03:30 (2718 turns).

DogServant the Ruffian (Formicid Transmuter)        Turns: 2718, Time: 00:03:30

Health: -3/37      AC:  2    Str: 15    XL:     5   Next: 11%
Magic:  6/8        EV: 12    Int: 13    God:
Gold:   101        SH:  0    Dex: 11    Spells: 2/8 levels left

rFire    . . .     SeeInvis +   l - +5 mace (drain)
rCold    . . .     Gourm    .   (no shield)
rNeg     . . .     Faith    .   b - +0 robe
rPois    .         Spirit   .   (helmet unavailable)
rElec    .         Reflect  .   (no cloak)
rCorr    .         Harm     .   (no gloves)
MR       .....                  (no boots)
Stlth    +.........             (no amulet)
HPRegen  0.12/turn              (no ring)
MPRegen  0.11/turn              (no ring)

@: no status effects
A: permanent stasis, dig shafts and tunnels, four strong arms, antennae 3
a: Dig, Shaft Self


You were on level 3 of the Dungeon.
You were not hungry.

You visited 1 branch of the dungeon, and saw 3 of its levels.

You collected 101 gold pieces.

Inventory:

Hand Weapons
 f - a +0 short sword
 l - a +5 mace of draining (weapon)
Missiles
 a - 10 arrows
 n - 12 poisoned darts (quivered)
Armour
 b - a +0 robe (worn)
 o - a +0 leather armour
Scrolls
 c - 3 scrolls of identify {unknown}
 e - 2 scrolls of enchant weapon {unknown}
 g - a scroll of teleportation {unknown}
 h - 3 scrolls of remove curse {unknown}
 i - a scroll of amnesia {unknown}
Comestibles
 d - a ration


   Skills:
 - Level 1.1 Fighting
 - Level 1.7 Dodging
 + Level 4.3 Unarmed Combat
 - Level 2.1 Spellcasting
 + Level 4.0 Transmutations


You had 2 spell levels left.
You knew the following spells:

 Your Spells              Type           Power        Failure   Level  Hunger
a - Beastly Appendage     Tmut           ##....       4%          1    ##.....
b - Sticks to Snakes      Tmut           ##......     7%          2    ###....
c - Spider Form           Tmut/Pois      #.........   32%         3    ####...

Your spell library contained the following spells:

 Spells                   Type           Power        Failure   Level  Hunger
 Animate Skeleton         Necr           N/A          26%         1    ##.....
 Apportation              Tloc           #.....       26%         1    ##.....
 Corona                   Hex            #......      26%         1    ##.....
 Summon Small Mammal      Summ           #...         26%         1    ##.....
 Ice Form                 Ice/Tmut       #.......     71%         4    #####..
 Blade Hands              Tmut           ##........   78%         5    ######.


Dungeon Overview and Level Annotations

Branches:
Dungeon (3/15)

Altars:
Gozag
Zin


Innate Abilities, Weirdness & Mutations

You cannot be hasted, slowed, berserked, paralysed or teleported.
You can dig through walls and to a lower floor.
Your four strong arms can wield two-handed weapons with a shield.
You have a pair of large antennae on your head. (SInv)


Message History

Confirm with . or Enter, or press ? or * to list all spells.
You create a snake!
You now have 10 arrows.
Your ball python bites the worm.
Your ball python barely misses the worm.
You barely miss the worm.
The worm is lightly wounded.
Your ball python bites the worm.
Your ball python grabs the worm.
Your ball python constricts the worm.
The worm bites you!
* * * LOW HITPOINT WARNING * * *
You barely miss the worm.
The worm is lightly wounded.
Your ball python barely misses the worm.
Your ball python constricts the worm.
Your ball python bites the worm but does no damage.
Your ball python constricts the worm.
You sock the worm! You drain the worm.
The worm is severely wounded.
Your ball python bites the worm but does no damage.
Your ball python constricts the worm.
The worm bites you!
You die...

# .... { ...## ....##
#...#### #...w..#
#.###.# ###S.†).###
#####..@w##†).##
.......<.).....#
..................
................#.
................#
...........$...##
...............#
................
.............#.......##


You could see a worm (drained) and a friendly ball python.

Vanquished Creatures
  An orc wizard (D:3)
  An adder (D:2)
  2 oozes (D:1)
  2 worms (D:2)
  A leopard gecko (D:2)
  3 orcs (D:3)
  3 bats (D:2)
  7 goblins
  8 hobgoblins
  3 jackals (D:1)
  6 kobolds
  A quokka (D:3)
  3 frilled lizards (D:2)
  7 rats
48 creatures vanquished.

Vanquished Creatures (collateral kills)
  A leopard gecko (D:3)
  An orc (D:3)
2 creatures vanquished.

Grand Total: 50 creatures vanquished

Notes
Turn   | Place    | Note
-------+----------+-------------------------------------------
     0 | D:1      | DogServant the Formicid Transmuter began the quest for the
                  | Orb.
     0 | D:1      | Reached XP level 1. HP: 15/15 MP: 3/3
   101 | D:1      | Reached XP level 2. HP: 19/21 MP: 3/5
   745 | D:1      | Learned a level 2 spell: Sticks to Snakes
   768 | D:1      | Reached XP level 3. HP: 26/26 MP: 4/6
  1312 | D:2      | Learned a level 3 spell: Spider Form
  1370 | D:2      | Found a faded altar of an unknown god.
  1853 | D:2      | Found a glowing silver altar of Zin.
  1933 | D:2      | Reached XP level 4. HP: 28/32 MP: 7/7
  2116 | D:2      | Found an opulent altar of Gozag.
  2696 | D:3      | Reached XP level 5. HP: 17/37 MP: 8/8
  2718 | D:3      | Slain by a worm

Illustrated notes

Levels and vault maps discovered:
D:1:      lightli_arrival_flooded_house, layout_basic, serial_curves,
          eino_curves_03, eino_curves_02, hangedman_decor_points
D:2:      layout_basic, lemuel_doored_altar, grunt_gozag_statues,
          chequers_ecumenical_altar_simple
D:3:      layout_rooms, grunt_temple_overflow_cloverleaf, uniq_natasha

Skill      XL: |  1  2  3  4 |
---------------+-------------+-----
Transmutations | 3 4 |  4.0
Unarmed Combat | 4 |  4.3
Fighting       | |  1.1
Dodging        | |  1.7
Spellcasting   | |  2.1

Action                   |  1- 3 |  4- 6 || total
-------------------------+-------+-------++-------
Melee: Unarmed           |    46 |       ||    46
       Kick              |    14 |     5 ||    19
       Short sword       |    28 |       ||    28
       Mace              |    15 |    42 ||    57
 Cast: Beastly Appendage |    15 |     8 ||    23
       Sticks to Snakes  |       |     2 ||     2
  Use: Potion            |     3 |       ||     3
 Stab: Sleeping          |       |     1 ||     1
  Eat: Chunk             |     3 |     3 ||     6
Armor: Robe              |    20 |     5 ||    25
Dodge: Dodged            |    63 |    21 ||    84
